 Dungeon Crawl Stone Soup version 0.18.1-50-g88ac8fd (webtiles) character file.

98 RudyRod the Skirmisher (level 4, -6/42 HPs)
             Began as a Naga Fighter on Oct 12, 2016.
             Mangled by an orc
             ... wielding a +2 hand axe of electrocution
              (19 damage)
             ... on level 3 of the Dungeon.
             The game lasted 00:09:24 (2089 turns).

RudyRod the Skirmisher (Naga Fighter)               Turns: 2089, Time: 00:09:25

Health: -6/42      AC:  4    Str: 23    XL:     4   Next: 71%
Magic:  4/4        EV:  6    Int: 10    God:
Gold:   134        SH:  9    Dex: 10    Spells: 0 memorised, 3 levels left

rFire  . . .     SeeInvis +     a - +1 trident
rCold  + . .     Gourm    .     n - +0 ring mail {rC+}
rNeg   . . .     Faith    .     c - +0 shield
rPois  +         Spirit   .     (no helmet)
rElec  .         Dismiss  +     (no cloak)
rCorr  .         Reflect  .     (no gloves)
SustAt .         Harm     .     (no barding)
MR     .....                    j - amulet of dismissal
Stlth  +.........               (no ring)
                                (no ring)

@: mighty, very slow, not resistant to hostile enchantments, very unstealthy
A: see invisible, deformed body, poison resistance, slowness 2, slow metabolism
1, spit poison 2, AC +1
a: Spit Poison


You were on level 3 of the Dungeon.
You were not hungry.

You visited 1 branch of the dungeon, and saw 3 of its levels.

You collected 134 gold pieces.

Inventory:

Hand Weapons
 a - a +1 trident (weapon)
Armour
 b - a +0 scale mail
 c - a +0 shield (worn)
 k - a +0 leather armour
 n - a +0 ring mail of cold resistance (worn)
Jewellery
 j - an amulet of dismissal (around neck)
Scrolls
 p - 2 scrolls of teleportation {unknown}
Potions
 e - a potion of flight {unknown}
 i - a potion of ambrosia {unknown}
 l - a potion of haste {unknown}
 q - a potion of berserk rage {unknown}
Comestibles
 f - 3 chunks of flesh
 g - a beef jerky
 h - a meat ration
 m - a royal jelly
 o - a bread ration


   Skills:
 + Level 3.4 Fighting
 + Level 2.5 Polearms
 + Level 3.1 Armour
 * Level 0.8 Dodging
 * Level 2.2 Stealth
 + Level 2.7 Shields


You had 3 spell levels left.
You didn't know any spells.

Dungeon Overview and Level Annotations

Branches:
Dungeon (3/15)

Altars:
Pakellas
Trog
Vehumet
Zin


Innate Abilities, Weirdness & Mutations

You cannot wear boots.
Your serpentine skin is tough (AC +1).
You have supernaturally acute eyesight.
Armour fits poorly on your strangely shaped body.
Your system is resistant to poisons.
You cover ground very slowly.
You have a slow metabolism.
You can spit poison.


Message History

An orc comes into view.
It is wielding a hand axe of electrocution.
The orc shouts!
An adder and an orc come into view.
An orc wizard comes into view. It is wielding a dagger.
The orc wizard shouts!
The orc wizard looks braver for a moment.
An orc priest comes into view. It is wielding a club.
There is a stone staircase leading up here.
The orc priest invokes the aid of Beogh against you.
Beogh smites you! The orc hits you but does no damage.
The orc hits you with a hand axe of electrocution.
The orc hits you but does no damage.
You are electrocuted!
The orc wizard miscasts a cantrip.
Drink which item? (? for menu, Esc to quit)
You feel very mighty all of a sudden. You block the orc's attack.
You barely miss the orc.
The orc hits you with a hand axe of electrocution.
You are electrocuted!
You die...

.......##...##...#.....#
........#...####.#<..#
........#......#.oo###
###########..#.###o# #
#.#######(.#.# #.# #
#.....)).).#.# #.# #
#.########.#.# #.# ###.#
#.#.###.#.# ....#
#.#..@oS..# #####
#.#####.### #.. ..# ###
#.# ###


You could see an adder and an orc.

Vanquished Creatures
  3 adders
  2 worms (D:3)
  A dart slug (D:1)
  4 orcs (D:3)
  9 bats
  3 giant cockroaches (D:1)
  10 goblins
  5 hobgoblins
  4 jackals (D:1)
  A ball python (D:3)
  3 giant newts
  8 kobolds
  7 rats
60 creatures vanquished.

Notes
Turn   | Place    | Note
--------------------------------------------------------------
     0 | D:1      | RudyRod the Naga Fighter began the quest for the Orb.
     0 | D:1      | Reached XP level 1. HP: 21/21 MP: 1/1
    39 | D:1      | Reached XP level 2. HP: 10/28 MP: 2/2
   426 | D:1      | Reached XP level 3. HP: 31/34 MP: 3/3
  1033 | D:2      | Found an oddly glowing altar of Pakellas.
  1089 | D:2      | Reached skill level 1 in Stealth
  1419 | D:2      | Reached XP level 4. HP: 42/42 MP: 4/4
  1615 | D:2      | Found a radiant altar of Vehumet.
  1617 | D:2      | Found a glowing silver altar of Zin.
  1848 | D:3      | Found a bloodstained altar of Trog.
  2089 | D:3      | Mangled by an orc

Skill      XL: |  1  2  3  4 |
---------------+-------------+-----
Stealth        | 1 2 |  2.2
Armour         | 3 |  3.1
Fighting       | |  3.4
Polearms       | |  2.5
Dodging        | |  0.8
Shields        | |  2.7

Action                   |  1- 3 |  4- 6 || total
-------------------------+-------+-------++-------
Melee: Trident           |   126 |    73 ||   199
 Abil: Spit Poison       |    15 |    12 ||    27
  Use: Scroll            |     2 |     1 ||     3
       Potion            |       |     1 ||     1
  Eat: Bread ration      |     1 |       ||     1
Armor: Scale mail        |    58 |    18 ||    76
       Ring mail         |       |    17 ||    17
Dodge: Dodged            |    32 |    20 ||    52
Block: Shield            |    73 |    35 ||   108
